 Dungeon Crawl Stone Soup version 0.30-a0-622-gddc90eaa04 (webtiles) character file.

Game seed: 12708936531098719732

368 voltaire321 the Magician (level 6, -2/35 HPs)
             Began as a Deep Elf Venom Mage on Jan 10, 2023.
             Killed from afar by an orc wizard (6 damage)
             ... with a magic dart
             ... on level 4 of the Dungeon.
             The game lasted 00:12:38 (3173 turns).

voltaire321 the Magician (Deep Elf Venom Mage)      Turns: 3173, Time: 00:12:39

Health: -2/35      AC:  4    Str:  7    XL:     6   Next: 41%
Magic:  13/24      EV: 18    Int: 20    God:
Gold:   162        SH:  0    Dex: 15    Spells: 7/14 levels left

rFire   . . .      SeeInvis .    x - +2 whip (elec)
rCold   . . .      Faith    .    (no shield)
rNeg    . . .      Spirit   .    a - +0 robe
rPois   .          Reflect  .    (no helmet)
rElec   .          Harm     .    (no cloak)
rCorr   .          Rampage  .    e - +0 pair of gloves
Will    .....                    g - +0 pair of boots
Stlth   ++                       (no amulet)
HPRegen 0.25/turn                d - +5 ring of evasion
MPRegen 0.19/turn                B - ring of magical power

@: no status effects
A: no striking features
a: no special abilities


You were on level 4 of the Dungeon.
You visited 1 branch of the dungeon, and saw 4 of its levels.

You collected 162 gold pieces.

Inventory:

Hand Weapons
 x - a +2 whip of electrocution (weapon)
Armour
 a - a +0 robe (worn)
 e - a +0 pair of gloves (worn)
 g - a +0 pair of boots (worn)
Jewellery
 d - a +5 ring of evasion (left hand)
 B - a ring of magical power (right hand)
Wands
 w - a wand of digging (6)
Potions
 b - a potion of magic
 c - 2 potions of cancellation {unknown}
 i - a potion of lignification
 k - 2 potions of attraction {unknown}
 l - 2 potions of mutation {unknown}
 o - 2 potions of haste {unknown}
 p - a potion of might
 r - 2 potions of heal wounds {unknown}
 s - 2 potions of ambrosia {unknown}
 v - 2 potions of brilliance {unknown}
 z - a potion of curing


   Skills:
 + Level 2.0 Fighting
 + Level 4.1 Dodging
 - Level 2.4 Stealth
 + Level 4.6 Spellcasting
 + Level 3.1 Transmutations
 - Level 2.0 Air Magic
 + Level 4.4 Poison Magic


You had 7 spell levels left.
You knew the following spells:

 Your Spells              Type           Power      Damage    Failure   Level
a - Sting                 Tmut/Pois      76%        1d6       2%          1
b - Poisonous Vapours     Pois/Air       34%        N/A       4%          2
c - Olgreb's Toxic Radia  Pois           22%        N/A       21%         4

Your spell library contained the following spells:

 Spells                   Type           Power      Damage    Failure   Level
 Beastly Appendage        Tmut           34%        N/A       3%          1
 Wereblood                Tmut           17%        N/A       4%          2
 Spider Form              Tmut/Pois      19%        N/A       8%          3
 Passwall                 Tmut/Erth      8%         N/A       10%         2
 Freeze                   Ice            16%        1d4       12%         1
 Slow                     Hex            16%        N/A       12%         1
 Mephitic Cloud           Conj/Pois/Air  13%        N/A       16%         3
 Swiftness                Air            12%        N/A       16%         3
 Ensorcelled Hibernation  Hex/Ice        8%         N/A       19%         2
 Confusing Touch          Hex            4%         N/A       36%         3
 Frozen Ramparts          Ice            8%         1d2       36%         3
 Hailstorm                Conj/Ice       4%         3d4       36%         3
 Ozocubu's Armour         Ice            4%         N/A       36%         3
 Vampiric Draining        Necr           4%         2d6       36%         3
 Metabolic Englaciation   Hex/Ice        2%         N/A       98%         5
 Simulacrum               Ice/Necr       2%         N/A       100%        6


Dungeon Overview and Level Annotations

Branches:
Dungeon (4/15)
 Temple: D:4-7

Altars:
Xom

Portals:
Abyss: D:3

Annotations:
D:3 2 transporters, Darkkill's ghost, weakling MiHu


Message History

Confirm with . or Enter, or press ? or * to list all spells.
Aiming: Sting (safe; 2% risk of failure)
Press: ? - help, Shift-Dir - straight line, f/p - white imp
Aim: a white imp (heavily wounded, very poisoned, 74% to hit)
The sting hits the white imp but does no damage.
The white imp looks even sicker.
The white imp is heavily wounded.
The white imp gestures at you. The puff of frost misses you.
Your magical contamination has completely faded away.
Casting: Sting (safe; 2% risk of failure)
Confirm with . or Enter, or press ? or * to list all spells.
Aiming: Sting (safe; 2% risk of failure)
Press: ? - help, Shift-Dir - straight line, f/p - white imp
Aim: a white imp (heavily wounded, very poisoned, 74% to hit)
The sting misses the white imp.
The white imp misses you.
You hit the white imp.
The white imp is severely wounded.
The white imp gestures at you. The puff of frost hits you.
Casting: Sting (safe; 2% risk of failure)
Confirm with . or Enter, or press ? or * to list all spells.
Aiming: Poisonous Vapours (safe; 4% risk of failure)
Press: ? - help, Dir - move target, f - gnoll, p - white imp
Aim: a gnoll, wielding a +0 spear Poisonous vapours surround the gnoll!
The gnoll is poisoned.
You kill the white imp!
You hear some strange, mumbled words.
You are confused.
A puff of flame appears from out of thin air!
The puff of flame hits you!
* * * LOW HITPOINT WARNING * * *
You feel less confused.
A magic dart appears from out of thin air!
The magic dart hits you.
* * * LOW HITPOINT WARNING * * *
The gnoll looks more healthy.
A magic dart appears from out of thin air!
The magic dart hits you.
You die...

### #<# ###########.#
#.g{....@...# #.#########.# #.#
########## #g# #...)g.{g#
#)###.######.# #.....#.o....#
********#######5######
,,,,,,,,.######.#########*******
,,,,,,,,.................,,,,,>*


You could see a gnoll.

Vanquished Creatures
  Sigmund (D:3)
  5 gnolls
  9 adders
  A white imp (D:4)
  3 worms (D:2)
  A dart slug (D:1)
  5 orcs
  2 ball pythons
  6 endoplasms
  A giant cockroach (D:1)
  4 goblins
  7 hobgoblins
  3 jackals (D:1)
  4 kobolds
  6 quokkas
  5 bats
  4 frilled lizards
  2 rats
69 creatures vanquished.

Notes
Turn   | Place    | Note
-------+----------+-------------------------------------------
     0 | D:1      | voltaire321 the Deep Elf Venom Mage began the quest for the
                  | Orb.
     0 | D:1      | Reached XP level 1. HP: 10/10 MP: 6/6
   168 | D:1      | Reached XP level 2. HP: 8/16 MP: 4/8
   446 | D:1      | Learned a level 2 spell: Poisonous Vapours
   801 | D:2      | Reached XP level 3. HP: 20/20 MP: 5/9
   953 | D:2      | Reached skill level 1 in Fighting
  1129 | D:2      | Reached XP level 4. HP: 25/25 MP: 5/11
  1131 | D:2      | Reached skill level 1 in Air Magic
  1727 | D:2      | Reached XP level 5. HP: 20/29 MP: 8/13
  2062 | D:3      | Learned a level 4 spell: Olgreb's Toxic Radiance
  2180 | D:3      | Noticed Sigmund
  2195 | D:3      | Killed Sigmund
  2196 | D:3      | Reached XP level 6. HP: 32/35 MP: 9/14
  2249 | D:3      | Found a transporter.
  2261 | D:3      | Found a one-way gate to the infinite horrors of the Abyss.
  2261 | D:3      | Noticed Darkkill's ghost (weakling MiHu)
  2488 | D:3      | Noticed a small abomination
  2501 | D:3      | Found a transporter.
  2529 | D:3      | Found a shimmering altar of Xom.
  3173 | D:4      | Killed from afar by an orc wizard

Illustrated notes

Levels and vault maps discovered:
D:1:      beargit_arrival_diablo_church, layout_basic, minmay_tripent
D:2:      wad_river_or_something, layout_basic
D:3:      layout_basic, mainiacjoe_overflow_paths,
          gammafunk_ghost_abyssal_escape, uniq_sigmund
D:4:      layout_basic, gammafunk_ghost_mausoleum

Skill      XL: |  1  2  3  4  5  6 |
---------------+-------------------+-----
Dodging        | 3 4 |  4.1
Fighting       | 1 2 |  2.0
Transmutations | 2 3 |  3.1
Air Magic      | 1 2 |  2.0
Spellcasting   | 4 |  4.6
Poison Magic   | 4 |  4.4
Stealth        | |  2.4

Action                   |  1- 3 |  4- 6 || total
-------------------------+-------+-------++-------
Melee: Unarmed           |    17 |       ||    17
       Dagger            |    26 |    42 ||    68
       Whip              |       |     1 ||     1
 Cast: Sting             |    60 |    70 ||   130
       Poisonous Vapours |       |     8 ||     8
  Use: Scroll            |       |    11 ||    11
 Stab: Sleeping          |       |     1 ||     1
Armor: Robe              |    10 |    14 ||    24
Dodge: Dodged            |    58 |    67 ||   125

Table legend: (Time is in decaauts)
 A = Elapsed time spent in this place.
 B = Non-inter-level travel time spent in this place.
 C = Inter-level travel time spent in this place.
 D = Time resting spent in this place.
 E = Time spent auto-exploring this place.
 F = Levels seen in this place.
 G = Mean time per level.
                   A        B        C        D        E       F      G
               +--------+--------+--------+--------+--------+-----+--------+
         Total |   3172 |   3066 |    106 |    592 |   1690 |   4 |  793.0 |
       Dungeon |   3172 |   3066 |    106 |    592 |   1690 |   4 |  793.0 |
               +--------+--------+--------+--------+--------+-----+--------+

Top non-repeatable levels by time:
     D:2: 1247 daAuts
     D:3: 835 daAuts
     D:1: 784 daAuts
     D:4: 304 daAuts
